 Dungeon Crawl Stone Soup version 0.17.0-28-g6e173f8 (webtiles) character file.

58 Ijustatesigmund the Magician (level 3, -12/19 HPs)
             Began as a Deep Elf Wizard on Dec 2, 2015.
             Killed by divine providence
             ... invoked by an orc priest
              (14 damage)
             ... on level 3 of the Dungeon.
             The game lasted 00:08:03 (2406 turns).

Ijustatesigmund the Magician (Deep Elf Wizard)      Turns: 2406, Time: 00:08:04

Health: -12/19     AC:  3    Str:  4    XL:     3   Next: 75%
Magic:  5/11       EV: 18    Int: 23    God:
Gold:   198        SH:  0    Dex: 13    Spells: 5 memorised, 1 level left

rFire  . . .     SeeInvis .     (no weapon)
rCold  . . .     Clarity  .     a - +1 robe
rNeg   . . .     SustAt   .     (no shield)
rPois  .         Gourm    .     b - +0 hat
rElec  .         Spirit   .     (no cloak)
rCorr  .         Warding  .     (no gloves)
rMut   .         Stasis   .     (no boots)
MR     .....                    (no amulet)
Stlth  ++........               (no ring)
                                m - +6 ring of evasion

@: repel missiles, not resistant to hostile enchantments, unstealthy
A: no striking features
a: no special abilities


You were on level 3 of the Dungeon.
You were not hungry.

You visited 1 branch of the dungeon, and saw 3 of its levels.

You collected 198 gold pieces.

Inventory:

Missiles
 i - 13 exploding sling bullets
Armour
 a - a +1 robe (worn)
 b - a +0 hat (worn)
Jewellery
 m - a +6 ring of evasion (left hand)
Scrolls
 l - a scroll of teleportation
 n - a scroll of enchant armour
Potions
 e - 2 potions of flight {unknown}
 f - 2 potions of might
 j - a potion of resistance
 k - a potion of degeneration {unknown}
Books
 c - a book of Minor Magic

   Spells                             Type                      Level
   a - Magic Dart                     Conjuration                  1
   b - Blink                          Translocation                2
   c - Call Imp                       Summoning                    2
   d - Repel Missiles                 Charms/Air                   2
   e - Slow                           Hexes                        2
   f - Conjure Flame                  Conjuration/Fire             3
   g - Mephitic Cloud                 Conjuration/Poison/Air       3
Comestibles
 d - 2 bread rations
 g - 2 meat rations
 h - a royal jelly


   Skills:
 - Level 2.4 Dodging
 + Level 3.4 Stealth
 + Level 5.0 Spellcasting
 + Level 2.4 Conjurations
 + Level 1.5 Charms
   Level 1.1 Summonings
 - Level 1.1 Translocations


You had one spell level left.
You knew the following spells:

 Your Spells              Type           Power        Failure   Level  Hunger
a - Magic Dart            Conj           ###.         3%          1    None
b - Blink                 Tloc           N/A          12%         2    None
c - Repel Missiles        Chrm/Air       #.....       12%         2    None
d - Mephitic Cloud        Conj/Pois/Air  #.......     21%         3    ##.....
e - Conjure Flame         Conj/Fire      ##......     21%         3    ##.....


Dungeon Overview and Level Annotations

Branches:
Dungeon (3/15)

Altars:


Message History

Casting: Magic Dart
Confirm with . or Enter, or press ? or * to list all spells.
Aiming: Magic Dart
Press: ? - help, Shift-Dir - straight line, f/p - orc priest
Aim: an orc priest, wielding a dagger (moderately wounded)
The magic dart hits the orc priest.
The orc priest is severely wounded.
The orc priest hits you with a dagger.
* * * LOW HITPOINT WARNING * * *
Casting: Magic Dart
Confirm with . or Enter, or press ? or * to list all spells.
Aiming: Magic Dart
Press: ? - help, Shift-Dir - straight line, f/p - orc priest
Aim: an orc priest, wielding a dagger (severely wounded)
The magic dart hits the orc priest.
The orc priest is severely wounded.
The orc priest calls down the wrath of Beogh upon you.
Something smites you!
Ouch! That really hurt!
You die...

... #.# #.# #.#
#.# ####.####
##########.......#
†..........##.##.#
#.#######..##.##@#
#.#
#.......ooo.....
###
#..#.....##...##
...#.....# ..#
##......... .#
#.##.....## .#
#.##.....# #
#.####.#.#


You could see 2 orc priests and an orc.

Vanquished Creatures
  An adder (D:2)
  2 worms
  2 giant geckos (D:2)
  A ball python (D:2)
  3 giant cockroaches
  6 hobgoblins
  3 quokkas (D:2)
  5 bats
  A giant newt (D:1)
  7 goblins
  3 kobolds
  8 rats
42 creatures vanquished.

Notes
Turn   | Place    | Note
--------------------------------------------------------------
     0 | D:1      | Ijustatesigmund the Deep Elf Wizard began the quest for the Orb.
     0 | D:1      | Reached XP level 1. HP: 10/10 MP: 7/7
   297 | D:1      | Reached XP level 2. HP: 15/15 MP: 7/9
   301 | D:1      | Learned a level 2 spell: Blink
   304 | D:1      | Learned a level 2 spell: Repel Missiles
  1527 | D:2      | Reached XP level 3. HP: 19/19 MP: 0/11
  1608 | D:2      | Reached skill level 1 in Charms
  1793 | D:2      | Learned a level 3 spell: Mephitic Cloud
  1797 | D:2      | Learned a level 3 spell: Conjure Flame
  1985 | D:2      | Reached skill level 5 in Spellcasting
  2086 | D:2      | Found a faded altar to an unknown god.
  2406 | D:3      | Killed from afar by an orc priest

Action                   || total
-------------------------++-------
 Cast: Magic Dart        ||   133
       Repel Missiles    ||     1
  Use: Scroll            ||     7
       Potion            ||     1
  Eat: Chunk             ||     4
